 Dungeon Crawl Stone Soup version 0.28.0-45-g0d030f2227 (webtiles) character file.

Game seed: 9705024137231525748

455 Kangaroobicon the Chopper (level 7, 0/60 HPs)
             Began as a Hill Orc Fighter on Apr 9, 2022.
             Was an Initiate of the Shining One.
             Slain by Mitsuki's ghost (2 damage)
             ... on level 4 of the Dungeon.
             The game lasted 00:30:24 (3294 turns).

Kangaroobicon the Chopper (Hill Orc Fighter)        Turns: 3294, Time: 00:30:25

Health: 0/60       AC:  9    Str: 25    XL:     7   Next: 5%
Magic:  7/7        EV: 10    Int:  8    God:    the Shining One [......]
Gold:   179        SH:  5    Dex: 18    Spells: 6/6 levels left

rFire   . . .      SeeInvis .   a - +0 war axe
rCold   . . .      Faith    .   c - +0 buckler
rNeg    . . .      Spirit   .   b - +0 scale mail
rPois   .          Reflect  .   (no helmet)
rElec   .          Harm     .   z - +0 cloak
rCorr   .          Rampage  .   (no gloves)
Will    .....                   x - +0 pair of boots
Stlth   ..........              (no amulet)
HPRegen 0.20/turn               m - +6 ring of strength
MPRegen 0.10/turn               y - +6 ring of dexterity

@: mighty, weak-willed, glowing
A: no striking features
a: Renounce Religion


You were on level 4 of the Dungeon.
You worshipped the Shining One.
The Shining One was noncommittal.
You visited 2 branches of the dungeon, and saw 5 of its levels.

You collected 179 gold pieces.

Inventory:

Hand Weapons
 a - a +0 war axe (weapon)
 g - a +0 hunting sling
 t - a +0 whip of venom
Missiles
 f - 153 stones (quivered)
 h - 5 javelins
 i - 2 curare-tipped darts
 p - 33 bolts
 r - 22 arrows
 v - 2 poisoned darts
Armour
 b - a +0 scale mail (worn)
 c - a +0 buckler (worn)
 x - a +0 pair of boots (worn)
 z - a +0 cloak (worn)
Jewellery
 m - a +6 ring of strength (left hand)
 y - a +6 ring of dexterity (right hand)
Scrolls
 k - a scroll of summoning {unknown}
 o - a scroll of immolation
 q - a scroll of silence {unknown}
 u - a scroll of identify {unknown}
 w - a scroll of amnesia {unknown}
Potions
 d - a potion of might
 e - a potion of resistance {unknown}
 j - a potion of curing {unknown}
 l - a potion of mutation {unknown}
 s - a potion of degeneration {unknown}


   Skills:
 + Level 4.5 Fighting
 + Level 6.7 Axes
 + Level 5.1 Armour
 + Level 0.9 Dodging
 + Level 0.6 Stealth
 + Level 4.1 Shields


You had 6 spell levels left.
You didn't know any spells.
Your spell library contained the following spells:

 Spells                   Type           Power      Damage    Failure   Level
 Ensorcelled Hibernation  Hex/Ice        0%         N/A       88%         2
 Ignite Poison            Fire/Tmut/Pois 0%         N/A       98%         3
 Mephitic Cloud           Conj/Pois/Air  0%         N/A       98%         3
 Spider Form              Tmut/Pois      0%         N/A       98%         3
 Anguish                  Hex/Necr       0%         N/A       100%        4
 Freezing Cloud           Conj/Ice/Air   0%         6-21      100%        5


Dungeon Overview and Level Annotations

Branches:
Dungeon (4/15)             Temple (1/1) D:4

Altars:
Ashenzari
Cheibriados
Dithmenos
Elyvilon
Fedhas
Gozag
Hepliaklqana
Kikubaaqudgha
Makhleb
Nemelex Xobeh
Okawaru
Qazlal
Ru
Sif Muna
Trog
Uskayaw
Wu Jian
Xom
Yredelemnul
Zin
The Shining One

Shops:
D:1 *

Annotations:
D:4 1 transporter, Mitsuki's ghost, amateur DECj


Message History

You closely miss the steam dragon.
You are engulfed in a cloud of scalding steam.
Mitsuki's ghost casts a spell at you. The magic dart hits you.
The steam dragon closely misses you. The steam dragon claws you.
You slash the steam dragon!
The steam dragon is moderately wounded.
The steam dragon barely misses you. You block the steam dragon's attack.
You slash the steam dragon!
The steam dragon is severely wounded.
The steam dragon breathes steam at you. The ball of steam hits you!!
Mitsuki's ghost closely misses you.
You barely miss the steam dragon.
The steam dragon is severely wounded.
You slash Mitsuki's ghost!
You are engulfed in a cloud of scalding steam.
The steam dragon closely misses you. x2; Mitsuki's ghost hits you.
* * * LOW HITPOINT WARNING * * *
Mitsuki's ghost freezes you.
* * * LOW HITPOINT WARNING * * *
You block the steam dragon's attack. The steam dragon barely misses you.
You slice the steam dragon!!
You kill the steam dragon!
The steam dragon scales are intact enough to wear.
You closely miss Mitsuki's ghost.
You are engulfed in a cloud of scalding steam.
* * * LOW HITPOINT WARNING * * *
Mitsuki's ghost shrieks, "I have seen your future, and it is all used up."
Mitsuki's ghost hits you.
* * * LOW HITPOINT WARNING * * *
Mitsuki's ghost freezes you.
* * * LOW HITPOINT WARNING * * *
Your Armour skill increases to level 5!
You have reached level 7!
You slash Mitsuki's ghost!
Mitsuki's ghost is almost destroyed.
You are engulfed in a cloud of scalding steam.
* * * LOW HITPOINT WARNING * * *
Mitsuki's ghost hits you.
You die...

...#####..............###......##
.### #...............##.#.##.##
..# #...#########...##.#......
..# #..##.......##.....####.##
..# #..#8..#.#..8#..####......
..# #..#..#...#..#..## #.##.##
..######..#.........#...# #.##.##
.........©#|...©.W..#©..# #....##
÷.........#$..§§@[..#...# #.#####
..........#..#...#..#...# #.#####
..........#8..#.#..8#...# #......
...####...##......©##...# #.#####
...........#########....# #.#
.......................## #.#
....####...............####.#
....####..##.....##.........#
.....>##..##.##..#####.######


You could see Mitsuki's ghost.

Vanquished Creatures
  Sigmund (D:3)
  A steam dragon (D:4)
  Jessica (D:2)
  An orc wizard (D:3)
  3 adders
  An ufetubus (D:4)
  5 dart slugs
  3 orcs (D:3)
  9 endoplasms
  4 giant cockroaches
  6 goblins
  8 hobgoblins
  4 kobolds
  5 quokkas
  8 ball pythons
  4 bats
  2 frilled lizards
  3 rats
69 creatures vanquished.

Vanquished Creatures (others)
  A goblin (D:4)
  A quokka (D:4)
  A plant (Temple)
3 creatures vanquished.

Grand Total: 72 creatures vanquished

Notes
Turn   | Place    | Note
-------+----------+-------------------------------------------
     0 | D:1      | Kangaroobicon the Hill Orc Fighter began the quest for the
                  | Orb.
     0 | D:1      | Reached XP level 1. HP: 19/19 MP: 1/1
   231 | D:1      | Found a faded altar of an unknown god.
   236 | D:1      | Reached XP level 2. HP: 23/27 MP: 2/2
   299 | D:1      | Found Ugo Lione's General Store.
   478 | D:1      | Reached skill level 3 in Axes
   478 | D:1      | Reached XP level 3. HP: 23/33 MP: 3/3
   778 | D:2      | Noticed Jessica
   782 | D:2      | Killed Jessica
   783 | D:2      | Reached skill level 4 in Axes
   783 | D:2      | Reached XP level 4. HP: 32/40 MP: 4/4
  1682 | D:3      | Noticed Sigmund
  1695 | D:3      | Killed Sigmund
  1696 | D:3      | Reached skill level 5 in Axes
  1696 | D:3      | Reached XP level 5. HP: 32/47 MP: 5/5
  1696 | D:3      | Reached XP level 6. HP: 36/53 MP: 6/6
  2149 | D:3      | Reached skill level 6 in Axes
  2472 | D:4      | Found a transporter.
  2472 | D:4      | Noticed Mitsuki's ghost (amateur DECj)
  2473 | D:4      | Noticed a steam dragon
  2475 | D:4      | Found a transporter.
  2818 | D:4      | Found a staircase to the Ecumenical Temple.
  2829 | Temple   | Entered the Ecumenical Temple
  3135 | Temple   | Became a worshipper of the Shining One
  3293 | D:4      | Killed a steam dragon
  3294 | D:4      | Reached skill level 5 in Armour
  3294 | D:4      | Reached XP level 7. HP: 8/60 MP: 7/7
  3294 | D:4      | HP: 1/60 [something (7)]
  3294 | D:4      | Slain by Mitsuki's ghost

Illustrated notes

Levels and vault maps discovered:
D:1:      heliophobic_arrival_dark_side_of_the_moon, layout_loops_ring,
          dreamdust_ecumenical_altar_statues, serial_shops, nicolae_square_shop
D:2:      layout_loops_ring, uniq_jessica
D:3:      layout_basic, minmay_randomly_rotated_circles, uniq_sigmund
D:4:      layout_loops_cross, minmay_temple_entry_trees, gammafunk_ghost_arena,
          minivault_11, amcnicky_mini_rare_corridor_liquid
Temple:   mainiacjoe_temple_circle_huts

Skill      XL: |  1  2  3  4  5  6 |
---------------+-------------------+-----
Axes           | 3 4 5 6 |  6.7
Fighting       | 4 |  4.5
Armour         | 4 5 |  5.1
Shields        | 4 |  4.1
Dodging        | |  0.9
Stealth        | |  0.6

Action                   |  1- 3 |  4- 6 |  7- 9 || total
-------------------------+-------+-------+-------++-------
Melee: War axe           |    81 |   106 |     1 ||   188
  Use: Potion            |       |     2 |       ||     2
       Scroll            |       |     2 |       ||     2
Armor: Scale mail        |    50 |    50 |       ||   100
Dodge: Dodged            |    23 |    43 |       ||    66
Block: Buckler           |    17 |    27 |       ||    44
